 Dungeon Crawl Stone Soup version 0.31-a0-875-g02e7d12df6 (webtiles) character file.

Game seed: 15962861429771101800

4834 Gergoth the Geomancer (level 10, -2/61 HPs)
             Began as a Gargoyle Earth Elementalist on Oct 12, 2023.
             Was an Initiate of Gozag.
             Slain by a wyvern (17 damage)
             ... on level 8 of the Dungeon.
             The game lasted 00:25:56 (8088 turns).

Gergoth the Geomancer (Gargoyle Earth Elementalist) Turns: 8088, Time: 00:25:56

Health: -2/61      AC: 25    Str: 13    XL:     10   Next: 49%
Magic:  16/19      EV: 11    Int: 19    God:    Gozag
Gold:   409        SH:  0    Dex: 10    Spells: 11/21 levels left

rFire   . . .        E - +4 trident (drain)
rCold   . . .        a - orb {mayhem}
rNeg    + . .        H - +0 swamp dragon scales
rPois   ∞            f - +1 helmet
rElec   +            c - +0 cloak
rCorr   .            u - +0 pair of gloves
SInv    .            (no boots)
Will    +....        G - amulet of the acrobat
Stlth   +            A - +4 ring of protection
HPRegen 0.30/turn    y - ring of willpower
MPRegen 0.16/turn

%: mayhem, acrobat
@: gold aura
A: sickness immunity, AC +7, negative energy resistance 1, electricity
resistance, torment resistance 1, petrification resistance
a: Renounce Religion, Potion Petition, Call Merchant, Bribe Branch


You were on level 8 of the Dungeon.
You worshipped Gozag.
Gozag was aware of your devotion.
You visited 2 branches of the dungeon, and saw 9 of its levels.
You also visited: Sewer.

You collected 595 gold pieces.
You paid 186 gold pieces to Gozag.

Inventory:

Hand Weapons
 E - a +4 trident of draining (weapon)
 K - a +2 whip of electrocution
Missiles
 j - 14 poisoned darts
 p - 2 throwing nets
 F - 6 javelins
Armour
 a - an orb of mayhem (worn)
 c - a +0 cloak (worn)
 d - a +0 leather armour
 e - a +0 robe
 f - a +1 helmet (worn)
 g - a +2 ring mail of fire resistance
 u - a +0 pair of gloves (worn)
 v - the +0 helmet "Addusokh" {rCorr Int+3}
   (You found it on level 5 of the Dungeon)

   Int+3:     It affects your intelligence (+3).
   rCorr:     It protects you from acid and corrosion.
 z - a +0 leather armour of cold resistance
 H - +0 swamp dragon scales (worn)
 I - a +0 scale mail
 J - a +0 scale mail
Jewellery
 i - a ring of positive energy
 m - a ring of wizardry
 r - a +6 ring of dexterity
 t - a ring of ice
 y - a ring of willpower (right hand)
 A - a +4 ring of protection (left hand)
 G - an amulet of the acrobat (around neck)
Wands
 x - a wand of mindburst (18) (quivered)
 B - a wand of light (11)
Scrolls
 n - 3 scrolls of teleportation
 o - a scroll of fog
 w - 3 scrolls of blinking
Potions
 b - a potion of magic
 h - a potion of lignification {unknown}
 k - 4 potions of haste
 l - a potion of mutation {unknown}
 q - 2 potions of curing
 s - a potion of might {unknown}
 C - a potion of attraction {unknown}
 D - a potion of heal wounds {unknown}


   Skills:
 + Level 6.9 Fighting
 + Level 6.9 Armour
 - Level 4.0 Dodging
 - Level 2.3 Stealth
 + Level 6.3 Spellcasting
 + Level 4.7 Conjurations
 - Level 1.0 Transmutations
 + Level 8.5 Earth Magic
 + Level 3.8 Evocations


You had 11 spell levels left.
You knew the following spells:

 Your Spells              Type           Power      Damage    Failure   Level
a - Sandblast             Erth           76%        2d16      1%          1
b - Passwall              Tmut/Erth      20%        N/A       4%          2
c - Stone Arrow           Conj/Erth      62%        3d10      4%          3
d - Petrify               Tmut/Erth      24%        N/A       28%         4

Your spell library contained the following spells:

 Spells                   Type           Power      Damage    Failure   Level
 Static Discharge         Conj/Air       30%        2-4/arc   12%         2
 Brom's Barrelling Bould  Conj/Erth      31%        2d5       13%         4
 Scorch                   Fire           12%        2d5       32%         2
 Inner Flame              Hex/Fire       6%         N/A       54%         3
 Flame Wave               Conj/Fire      15%        2d7       61%         4
 Sticky Flame             Conj/Fire      15%        2d4       61%         4
 Irradiate                Conj/Tmut      8%         3d14      87%         5
 Airstrike                Air            3%         2d(1-17)  91%         4
 Summon Lightning Spire   Summ/Air       6%         N/A       91%         4
 Summon Cactus Giant      Summ           3%         N/A       100%        6
 Chain Lightning          Conj/Air       7%         3d10      100%        9
 Fire Storm               Conj/Fire      7%         8d2       100%        9
 Shatter                  Erth           19%        3d17*     100%        9
 Sublimation of Blood     Necr           Unusable   N/A       N/A         2

Dungeon Overview and Level Annotations

Branches:
Dungeon (8/15)             Temple (1/1) D:6           Sewer (visited)
   Lair: D:8-11

Altars:
Ashenzari
Cheibriados
Elyvilon
Fedhas
Gozag
Kikubaaqudgha
Makhleb
Nemelex Xobeh
Okawaru
Qazlal
Sif Muna
Trog
Uskayaw
Vehumet
Wu Jian
Xom
Yredelemnul
Zin
The Shining One

Annotations:
D:3 2 transporters
D:8 2 transporters, AncientFaroe's ghost, novice MiFi


Innate Abilities, Weirdness & Mutations

You are immune to sickness and miasma.
Your stone body is resilient. (AC +7)
You are immune to poison.
You resist negative energy. (rN+)
You are resistant to electric shocks. (rElec)
You are resistant to unholy torment.
You are immune to petrification.


Message History

Found a gold wand.
Found a stone staircase leading up.
Casting: Sandblast (safe; 1% risk of failure)
Confirm with . or Enter, or press ? or * to list all spells.
Aiming: Sandblast (safe; 1% risk of failure)
Press: ? - help, Shift-Dir - straight line, f - steam dragon
Aim: a steam dragon (asleep, 100% to hit)
The blast of sand hits the steam dragon!
The steam dragon is heavily wounded.
The steam dragon hisses angrily.
The wyvern hisses angrily.
The wyvern hisses menacingly.
Casting: Sandblast (safe; 1% risk of failure)
Confirm with . or Enter, or press ? or * to list all spells.
Aiming: Sandblast (safe; 1% risk of failure)
Press: ? - help, Shift-Dir - straight line, f/p - steam dragon
Aim: a steam dragon (heavily wounded, 84% to hit)
The blast of sand hits the steam dragon!
The steam dragon is almost dead.
Casting: Sandblast (safe; 1% risk of failure)
Confirm with . or Enter, or press ? or * to list all spells.
Aiming: Sandblast (safe; 1% risk of failure)
Press: ? - help, Shift-Dir - straight line, f/p - steam dragon
Aim: a steam dragon (almost dead, 84% to hit)
The blast of sand hits the steam dragon!
You kill the steam dragon!
The wyvern flies into a frenzy!
The wyvern bites you!
The wyvern bites you but does no damage.
The wyvern bites you!
Casting: Sandblast (safe; 1% risk of failure)
Confirm with . or Enter, or press ? or * to list all spells.
Aiming: Sandblast (safe; 1% risk of failure)
Press: ? - help, Shift-Dir - straight line, f - wyvern
Aim: a wyvern (fast, strong, frenzied and wild, 84% to hit)
The blast of sand hits the wyvern!!
The wyvern is almost dead.
The wyvern bites you! x2
* * * LOW HITPOINT WARNING * * *
The wyvern bites you!
You die...
Your body crumbles into a pile of gold.

####.### ####### #.......#
##.## #.......#.##.##.#
##.#.## #.......#.##.##.#
##.###.###.......#.##..#.#
#.## ##.##.......#.###.#.#
##.###.###.......#.###.#.#
##.#..# #../....#.......#
##.#.# #.<$l...######.##
###.#####@.......# #.#
#.#........###.# #.#
#.#.###.#.####.###.#
#.#.####..##.......#
##....## #.##.#.##### #
#......# #.##.#.# #
#.##...###......# #
#.##..........### ###### #
#.##......##########.....


You could see a neutral wyvern (fast, strong, frenzied).

Vanquished Creatures
  A two-headed ogre (D:8)
  Jeremiah (D:6)
  Maggie (D:6)
  A hornet (D:8)
  Grinder (D:6)
  A wyvern (D:6)
  4 yaks
  2 steam dragons
  3 water moccasins
  An ice beast (D:5)
  A black bear (D:6)
  2 centaurs
  4 bullfrogs
  2 scorpions
  4 howler monkeys
  2 jellies
  2 orc priests
  7 hounds
  An iguana (D:5)
  3 orc wizards
  2 gnolls (D:7)
  12 adders
  2 white imps
  3 ufetubi
  4 worms
  A dart slug (D:3)
  12 orcs
  7 bats
  8 endoplasms
  14 giant cockroaches
  9 hobgoblins
  17 quokkas
  13 ball pythons
  6 frilled lizards
  9 kobolds
  8 rats
171 creatures vanquished.

Vanquished Creatures (collateral kills)
  3 yaks (D:8)
  A jelly (D:7)
  A gnoll bouda (D:7)
  A gnoll (D:7)
6 creatures vanquished.

Vanquished Creatures (others)
  A yak (D:8)
1 creature vanquished.

Grand Total: 178 creatures vanquished

Notes
Turn   | Place    | Note
-------+----------+-------------------------------------------
     0 | D:1      | Gergoth the Gargoyle Earth Elementalist began the quest for
                  | the Orb.
     0 | D:1      | Reached XP level 1. HP: 10/10 MP: 3/3
   276 | D:1      | Reached skill level 1 in Transmutations
   276 | D:1      | Reached XP level 2. HP: 15/15 MP: 3/5
   454 | D:1      | You fall into a shaft and drop 1 floor!
   870 | D:2      | Found a faded altar of an unknown god.
   892 | D:2      | Reached XP level 3. HP: 19/20 MP: 0/6
   969 | D:2      | Reached skill level 4 in Earth Magic
  1068 | D:2      | Reached skill level 1 in Fighting
  1068 | D:2      | Reached skill level 1 in Armour
  1361 | D:2      | Reached XP level 4. HP: 25/25 MP: 3/7
  1811 | D:3      | Found a transporter.
  1880 | D:3      | Identified the +0 scale mail "Haum" {rF- Str+6 Int-4 Dex+2}
  1880 | D:3      | Noticed a gnoll sergeant
  1903 | D:3      | Found a transporter.
  2188 | D:3      | Found a basalt altar of Yredelemnul.
  2274 | D:4      | Noticed a scorpion
  2275 | D:4      | Reached XP level 5. HP: 29/30 MP: 5/8
  2378 | D:4      | Reached XP level 6. HP: 34/35 MP: 0/10
  2406 | D:4      | Reached skill level 5 in Earth Magic
  2507 | D:4      | Found a glowing drain.
  2529 | Sewer    | Entered a sewer
  2533 | Sewer    | Learned a level 2 spell: Passwall
  2537 | Sewer    | Learned a level 3 spell: Stone Arrow
  2542 | Sewer    | Learned a level 4 spell: Petrify
  2831 | Sewer    | Reached XP level 7. HP: 41/41 MP: 4/12
  2949 | D:4      | Found a bloodstained altar of Trog.
  3289 | D:5      | Entered Level 5 of the Dungeon
  3832 | D:5      | Identified the +0 helmet "Addusokh" {rCorr Int+3}
  3913 | D:5      | Reached XP level 8. HP: 43/48 MP: 9/14
  4075 | D:5      | Reached skill level 6 in Earth Magic
  4236 | D:6      | Noticed Grinder
  4256 | D:6      | Paralysed by Grinder for 3 turns
  4260 | D:6      | Killed Grinder
  4353 | D:6      | Found a staircase to the Ecumenical Temple.
  4362 | Temple   | Entered the Ecumenical Temple
  4560 | D:6      | Found an ornate altar of the Wu Jian Council.
  4562 | D:6      | Found a shimmering blue altar of Sif Muna.
  4568 | D:6      | Found a blossoming altar of Fedhas.
  4571 | D:6      | Found a white marble altar of Elyvilon.
  4573 | D:6      | Found a stormy altar of Qazlal.
  4586 | D:6      | Found an opulent altar of Gozag.
  4587 | D:6      | Found a snail-covered altar of Cheibriados.
  4587 | D:6      | Noticed Maggie
  5477 | D:7      | Reached skill level 1 in Conjurations
  5673 | D:7      | Reached skill level 5 in Fighting
  5673 | D:7      | Reached skill level 5 in Armour
  5673 | D:7      | Reached skill level 7 in Earth Magic
  5673 | D:7      | Reached skill level 1 in Evocations
  5673 | D:7      | Reached XP level 9. HP: 16/54 MP: 7/16
  5824 | D:7      | Reached skill level 5 in Spellcasting
  6537 | D:8      | Found a transporter.
  6537 | D:8      | Noticed AncientFaroe's ghost (novice MiFi)
  6539 | D:8      | Found a transporter.
  6864 | D:6      | Noticed Jeremiah
  7021 | D:6      | Killed Jeremiah
  7144 | D:6      | Killed Maggie
  7209 | D:6      | Reached skill level 8 in Earth Magic
  7209 | D:6      | Reached XP level 10. HP: 60/60 MP: 14/18
  7217 | D:6      | Became a worshipper of Gozag Ym Sagoz the Greedy
  7656 | D:8      | Noticed a two-headed ogre
  7662 | D:8      | Killed a two-headed ogre
  8088 | D:8      | Slain by a wyvern

Illustrated notes

Levels and vault maps discovered:
D:1:      spicycebolla_arrival_risky_transporter, layout_loops_ring
D:2:      layout_basic, hellmonk_ecumenical_altar_pennies_from_heaven,
          chequers_mini_garden
D:3:      layout_rooms, mainiacjoe_overflow_alcove_2,
          gammafunk_ghost_gnarly_gnolls
D:4:      layout_cave_pools, trog_butcher_becter, gup_sewer_entry_pipe
D:5:      layout_loops_corners, amethyst_killhole
D:6:      cheibrodos_quashed, layout_loops_cross,
          nicolae_overflow_hallway_of_the_gods, minmay_temple_entry_wispy,
          uniq_maggie, uniq_jeremiah, uniq_grinder
D:7:      layout_basic, centaur_isle
D:8:      layout_loops_cross, gammafunk_ghost_arena,
          chequers_serial_rivers_large_b
Temple:   hellmonk_temple_rainy

Skill      XL: |  1  2  3  4  5  6  7  8  9 10 |
---------------+-------------------------------+-----
Transmutations | 1 |  1.0
Earth Magic    | 4 5 7 8 |  8.5
Fighting       | 1 2 3 5 6 |  6.9
Armour         | 1 2 3 5 6 |  6.9
Dodging        | 2 3 4 |  4.0
Spellcasting   | 3 4 5 6 |  6.3
Conjurations   | 1 3 4 |  4.7
Evocations     | 1 3 |  3.8
Stealth        | |  2.3

Action                     |  1- 3 |  4- 6 |  7- 9 | 10-12 || total
---------------------------+-------+-------+-------+-------++-------
  Melee: Unarmed           |     8 |    24 |       |       ||    32
         Long sword        |       |   135 |   145 |     5 ||   285
         Punch             |       |     3 |       |       ||     3
  Throw: Javelin           |       |       |     6 |       ||     6
   Cast: Sandblast         |    50 |    60 |   105 |    26 ||   241
  Evoke: Wand              |       |       |     7 |     8 ||    15
    Use: Scroll            |       |     5 |     9 |       ||    14
   Stab: Sleeping          |     1 |     1 |     5 |       ||     7
 Armour: Robe              |    11 |   154 |    15 |       ||   180
         Leather armour    |       |       |   180 |       ||   180
         Swamp dragon scal |       |       |     2 |    33 ||    35
  Dodge: Dodged            |    17 |   206 |   191 |    25 ||   439

Table legend: (Time is in decaauts)
 A = Elapsed time spent in this place.
 B = Non-inter-level travel time spent in this place.
 C = Inter-level travel time spent in this place.
 D = Time resting spent in this place.
 E = Time spent auto-exploring this place.
 F = Levels seen in this place.
 G = Mean time per level.
                   A        B        C        D        E       F      G
               +--------+--------+--------+--------+--------+-----+--------+
         Total |   8440 |   8294 |    146 |   1157 |   4239 |  10 |  844.0 |
       Dungeon |   7896 |   7756 |    140 |   1141 |   4239 |   8 |  987.0 |
        Temple |     73 |     67 |      6 |      0 |      0 |   1 |   73.0 |
         Sewer |    470 |    470 |      0 |     16 |      0 |   1 |  470.0 |
               +--------+--------+--------+--------+--------+-----+--------+

Top non-repeatable levels by time:
     D:7: 1821 daAuts
     D:6: 1249 daAuts
     D:5: 957 daAuts
     D:2: 920 daAuts
     D:8: 846 daAuts
     D:1: 770 daAuts
     D:3: 694 daAuts
     D:4: 636 daAuts
   Sewer: 470 daAuts
  Temple: 73 daAuts
